 Dungeon Crawl Stone Soup version 0.18.1-48-g4cf74bf (webtiles) character file.

182 luca467 the Skirmisher (level 5, -1/38 HPs)
             Began as an Octopode Fighter on Sept 12, 2016.
             Slain by Duraxyll's ghost (5 damage)
             ... on level 3 of the Dungeon.
             The game lasted 00:14:42 (2776 turns).

luca467 the Skirmisher (Octopode Fighter)           Turns: 2776, Time: 00:14:42

Health: -1/38      AC:  1    Str: 16    XL:     5   Next: 62%
Magic:  5/5        EV: 10    Int: 10    God:
Gold:   140        SH:  9    Dex: 12    Spells: 0 memorised, 4 levels left

rFire  . . .     SeeInvis .     a - +0 long sword
rCold  . . .     Gourm    .     b - +0 shield
rNeg   . . .     Faith    .     (helmet restricted)
rPois  .         Spirit   .     (no amulet)
rElec  .         Dismiss  .     (no ring)
rCorr  .         Reflect  .     (no ring)
SustAt .         Harm     .     (no ring)
MR     .....                    (no ring)
Stlth  ++........               (no ring)
                                (no ring)
                                (no ring)
                                (no ring)

@: lethally poisoned (-1 -> -1), not resistant to hostile enchantments,
unstealthy
A: almost no armour, amphibious, 8 rings, constrict 8, camouflage 1, gelatinous
body 1
a: no special abilities


You were on level 3 of the Dungeon.
You were not hungry.

You visited 1 branch of the dungeon, and saw 3 of its levels.

You collected 140 gold pieces.

Inventory:

Hand Weapons
 a - a +0 long sword (weapon)
 i - a +0 dagger
Missiles
 o - 4 javelins (quivered)
Armour
 b - a +0 shield (worn)
 y - a +0 cloak
Jewellery
 p - an uncursed amulet of harm
Wands
 u - a wand of lightning (6/15)
Scrolls
 e - a scroll of magic mapping
 h - 2 scrolls of remove curse
 l - a scroll of identify
 q - a scroll of teleportation {unknown}
 v - a scroll of fog {unknown}
 w - a scroll of recharging {unknown}
Potions
 c - 2 potions of might
 f - 3 potions of brilliance {unknown}
 g - a potion of cure mutation {unknown}
 j - a potion of curing {unknown}
 k - a potion of flight {unknown}
 m - a potion of mutation {unknown}
 s - a potion of agility {unknown}
Books
 x - a book of Spatial Translocations

   Spells                             Type                      Level
   a - Apportation                    Translocation                1
   b - Blink                          Translocation                2
   c - Shroud of Golubria             Charms/Translocation         2
   d - Portal Projectile              Translocation                3
   e - Teleport Other                 Translocation                3
   f - Passage of Golubria            Translocation                4
Comestibles
 d - 3 bread rations
 n - 2 royal jellies
 r - a slice of pizza
 t - 2 fruits


   Skills:
 * Level 4.7 Fighting
 * Level 3.8 Long Blades
 - Level 3.0 Dodging
 + Level 3.5 Shields


You had 4 spell levels left.
You didn't know any spells.

Dungeon Overview and Level Annotations

Branches:
Dungeon (3/15)

Altars:

Annotations:
D:3 Duraxyll's ghost, amateur HaBe


Innate Abilities, Weirdness & Mutations

You cannot wear most types of armour.
You are amphibious.
You can wear up to eight rings at the same time.
You can use your tentacles to constrict eight enemies at once.
Your skin changes colour to match your surroundings (Stealth).
Your rubbery body absorbs attacks (AC +1).


Message History

The adder is lightly wounded.
You constrict the adder. You block the adder's attack.
Duraxyll's ghost barely misses you. The adder bites you.
You slash the adder!
You kill the adder!
You feel sick. Duraxyll's ghost hits you! x2
* * * LOW HITPOINT WARNING * * *
You are too injured to fight recklessly!
You are too injured to fight recklessly!
You feel sick.
You hit Duraxyll's ghost but do no damage.
Duraxyll's ghost closely misses you.
You closely miss Duraxyll's ghost. You block Duraxyll's ghost's attack.
Duraxyll's ghost hits you.
* * * LOW HITPOINT WARNING * * *
You closely miss Duraxyll's ghost.
You feel sick. You block Duraxyll's ghost's attack.
Your shield prevents you from hitting Duraxyll's ghost.
Duraxyll's ghost hits you.
You die...

#### #..# #..###
#.@..# #.W..## . .
###...## ......
#......# ##........
#......##..........
#....†....#........
#.......###........
#........##........
#....................


You could see Duraxyll's ghost.

Vanquished Creatures
  A hound (D:3)
  An orc wizard (D:3)
  A gnoll (D:1)
  4 adders
  2 worms (D:2)
  6 orcs (D:3)
  3 ball pythons
  11 bats
  4 giant cockroaches
  7 goblins
  5 hobgoblins
  2 jackals (D:3)
  11 kobolds
  3 giant newts (D:2)
  5 rats
  9 plants (D:1)
75 creatures vanquished.

Notes
Turn   | Place    | Note
--------------------------------------------------------------
     0 | D:1      | luca467 the Octopode Fighter began the quest for the Orb.
     0 | D:1      | Reached XP level 1. HP: 16/16 MP: 1/1
   426 | D:1      | Reached XP level 2. HP: 16/21 MP: 2/2
   969 | D:1      | Reached XP level 3. HP: 26/26 MP: 3/3
  1900 | D:2      | Reached XP level 4. HP: 33/33 MP: 4/4
  1917 | D:2      | Reached skill level 4 in Fighting
  2388 | D:3      | Reached XP level 5. HP: 17/37 MP: 5/5
  2702 | D:3      | Noticed Duraxyll's ghost (amateur HaBe)
  2776 | D:3      | Slain by Duraxyll's ghost

Skill      XL: |  1  2  3  4 |
---------------+-------------+-----
Long Blades    | 3 |  3.8
Fighting       | 4 |  4.7
Dodging        | |  3.0
Shields        | |  3.5

Action                   |  1- 3 |  4- 6 || total
-------------------------+-------+-------++-------
Melee: Long sword        |   156 |    68 ||   224
       Tentacles         |    39 |    11 ||    50
       Constrict         |    25 |    20 ||    45
  Use: Scroll            |       |     3 ||     3
 Stab: Sleeping          |     3 |       ||     3
  Eat: Chunk             |     3 |     3 ||     6
Armor: Skin              |     5 |     8 ||    13
Dodge: Dodged            |    20 |    30 ||    50
Block: Shield            |    22 |    29 ||    51
